 Dungeon Crawl Stone Soup version 0.30-a0-748-ge6a52f7cba (webtiles) character file.

Game seed: 6464415614370997747

280 cheesebisquit the Digger (level 6, 0/32 HPs)
             Began as a Gargoyle Earth Elementalist on Feb 7, 2023.
             Slain by an ogre
             ... wielding a +0 giant spiked club
              (26 damage)
             ... on level 3 of the Dungeon on Feb 8, 2023.
             The game lasted 00:13:36 (3693 turns).

cheesebisquit the Digger (GrEE)                     Turns: 3693, Time: 00:13:38

Health: 0/32       AC:  6    Str: 12    XL:     6   Next: 27%
Magic:  9/12       EV: 11    Int: 17    God:
Gold:   175        SH:  0    Dex: 10    Spells: 12/13 levels left

rFire   . . .      SeeInvis .    o - +2 flail (venom)
rCold   . . .      Faith    .    (no shield)
rNeg    + . .      Spirit   .    d - +0 robe {Archmagi}
rPois   ∞          Reflect  .    (no helmet)
rElec   +          Harm     .    (no cloak)
rCorr   .          Rampage  .    (no gloves)
Will    .....      Archmagi +    (no boots)
Stlth   ++                       (no amulet)
HPRegen 0.25/turn                (no ring)
MPRegen 0.13/turn                (no ring)

@: no status effects
A: sickness immunity, AC +4, negative energy resistance 1, electricity
resistance, torment resistance 1, petrification resistance
a: no special abilities


You were on level 3 of the Dungeon.
You visited 1 branch of the dungeon, and saw 4 of its levels.

You collected 175 gold pieces.

Inventory:

Hand Weapons
 o - a +2 flail of venom (weapon)
Missiles
 p - a throwing net
Armour
 a - a +0 robe
 d - a +0 robe of the Archmagi (worn)
Wands
 m - a wand of flame (21)
Scrolls
 e - a scroll of identify {unknown}
 g - a scroll of magic mapping {unknown}
 j - a scroll of vulnerability {unknown}
 k - 2 scrolls of butterflies {unknown}
 l - a scroll of torment {unknown}
 n - a scroll of noise {unknown}
Potions
 b - a potion of flight {unknown}
 c - 3 potions of curing
 f - a potion of might {unknown}
 h - 2 potions of lignification {unknown}
 i - a potion of brilliance {unknown}


   Skills:
 - Level 1.5 Dodging
 - Level 2.1 Stealth
 + Level 4.3 Spellcasting
 - Level 0.7 Transmutations
 + Level 6.3 Earth Magic


You had 12 spell levels left.
You knew the following spells:

 Your Spells              Type           Power      Damage    Failure   Level
a - Sandblast             Erth           74%        2d16      1%          1

Your spell library contained the following spells:

 Spells                   Type           Power      Damage    Failure   Level
 Passwall                 Tmut/Erth      19%        N/A       5%          2
 Stone Arrow              Conj/Erth      42%        3d9       12%         3
 Petrify                  Tmut/Erth      23%        N/A       34%         4


Dungeon Overview and Level Annotations

Branches:
Dungeon (4/15)
 Temple: D:4-7

Altars:
Ashenzari
Gozag
Sif Muna
The Shining One

Shops:
D:3 *


Innate Abilities, Weirdness & Mutations

You are immune to sickness and miasma.
Your stone body is resilient. (AC +4)
You are immune to poison.
You resist negative energy. (rN+)
You are resistant to electric shocks. (rElec)
You are resistant to unholy torment.
You are immune to petrification.


Message History

You feel a surge of power!
The blast of sand hits the gnoll!!
You kill the gnoll!
Magic restored.
HP restored.
p - a throwing net
Items here: )) ††.
Done exploring.
Okay, then.
You can't see any susceptible monsters within range! (Use Z to cast anyway.) Done exploring.
There is a stone staircase leading down here.
You climb downwards.
The adder hisses angrily.
You hear a shout!
The adder misses you.
An orc comes into view. It is wielding a +0 whip.
The gnoll closely misses you. The ogre closely misses you.
The adder closely misses you.
There is a stone staircase leading up here.
The gnoll hits you but does no damage. The adder bites you.
The ogre closely misses you.
You climb upwards.
There is a stone staircase leading down here.
You feel a surge of power!
The blast of sand hits the adder!
You kill the adder!
The gnoll completely misses you. The gnoll hits you with a +0 spear.
Aiming: Sandblast (safe; 1% risk of failure)
Press: ? - help, Q - select action, (/) - cycle Shift-Dir - straight line, f - gnoll
Aim: a gnoll, wielding a +0 spear (86% to hit)
You feel a surge of power!
The blast of sand hits the gnoll.
The gnoll is moderately wounded.
The gnoll closely misses you. The ogre closely misses you.
Aiming: Sandblast (safe; 1% risk of failure)
Press: ? - help, Q - select action, (/) - cycle Shift-Dir - straight line, f/p - gnoll
Aim: a gnoll, wielding a +0 spear (moderately wounded, 86% to hit)
You feel a surge of power!
The blast of sand hits the gnoll!
The gnoll is almost dead.
The gnoll hits you with a +0 spear.
The ogre hits you with a +0 giant spiked club!!
Ouch! That really hurt!
You die...

# # ########### #..........
#.......... ### #..........
#<### #.......... #...# #####
#..........
#...####@g.####....######
#......#O#...##....######
#....#.#...........'.....
#....#'#.#####.....######
#............#..##.......
#...#........##.##..[....
#...#..)).(..##.##.......
######...#........##.##.[.....
#..................#..........


You could see an ogre and a gnoll.

Vanquished Creatures
  An orc priest (D:3)
  Terence (D:3)
  3 orc wizards (D:3)
  3 gnolls (D:3)
  3 adders
  4 worms
  2 dart slugs
  8 orcs
  2 endoplasms
  3 giant cockroaches
  5 goblins
  5 hobgoblins
  6 jackals
  2 quokkas
  3 ball pythons
  7 bats
  5 frilled lizards
  8 kobolds
  6 rats
77 creatures vanquished.

Notes
Turn   | Place    | Note
-------+----------+-------------------------------------------
     0 | D:1      | cheesebisquit the Gargoyle Earth Elementalist began the
                  | quest for the Orb.
     0 | D:1      | Reached XP level 1. HP: 10/10 MP: 3/3
    70 | D:1      | Upgraded the game from 0.30-a0-743-gbfdf073431 to
                  | 0.30-a0-748-ge6a52f7cba
    98 | D:1      | Reached XP level 2. HP: 15/15 MP: 1/5
   128 | D:1      | Reached skill level 4 in Earth Magic
   250 | D:1      | Found a faded altar of an unknown god.
   526 | D:1      | Reached XP level 3. HP: 19/19 MP: 5/7
  1114 | D:2      | Reached XP level 4. HP: 23/24 MP: 4/8
  1759 | D:3      | Reached skill level 5 in Earth Magic
  1796 | D:3      | Found a shimmering blue altar of Sif Muna.
  1800 | D:3      | Found an opulent altar of Gozag.
  1826 | D:3      | HP: 1/24 [something (2)]
  2040 | D:3      | Found a glowing golden altar of the Shining One.
  2077 | D:3      | Noticed Terence
  2080 | D:3      | Killed Terence
  2081 | D:3      | Reached XP level 5. HP: 15/28 MP: 7/10
  2355 | D:3      | Found Gozag's Platinum Reserve.
  2416 | D:3      | Found a broken altar of Ashenzari.
  2528 | D:3      | Reached skill level 6 in Earth Magic
  2528 | D:3      | Reached XP level 6. HP: 32/32 MP: 10/12
  2984 | D:3      | Found a broken altar of Ashenzari.
  3023 | D:3      | Found a shimmering blue altar of Sif Muna.
  3165 | D:3      | Found a glowing golden altar of the Shining One.
  3310 | D:3      | Found Gozag's Platinum Reserve.
  3324 | D:3      | Found an opulent altar of Gozag.
  3693 | D:3      | Slain by an ogre

Illustrated notes

Levels and vault maps discovered:
D:1:      ncdulo_halloftheorcs, layout_rooms, ebering_ecumenical_altar_abandoned
D:2:      layout_loops_ring, serial_aquarium, aquarium_bridge_square
          [aquarium_subvault_bridge, aquarium_subvault_bridge,
          aquarium_subvault_window, aquarium_subvault_wall],
          aquarium_bridge_island_large [aquarium_subvault_large_water,
          aquarium_subvault_bridge, aquarium_subvault_bridge,
          aquarium_subvault_bridge, aquarium_subvault_wall],
          aquarium_window_fake, aquarium_window_fake, aquarium_window_corner,
          aquarium_window_1, aquarium_view_2b, aquarium_view_2e,
          aquarium_pool_2, small_statue_intersection
D:3:      layout_basic, nicolae_gozag_zags_fifth_avenue,
          mainiacjoe_overflow_small_starburst, mainiacjoe_overflow_brackets,
          nicolae_tso_carved_into_rock, uniq_terence
D:4:      layout_cave_pools, lemuel_zombie_altar_yredelemnul,
          nicolae_specific_store, uniq_menkaure

Skill      XL: |  1  2  3  4  5 |
---------------+----------------+-----
Earth Magic    | 4 5 6 |  6.3
Spellcasting   | 3 4 |  4.3
Dodging        | |  1.5
Stealth        | |  2.1
Transmutations | |  0.7

Action                     |  1- 3 |  4- 6 || total
---------------------------+-------+-------++-------
  Melee: Spear             |     8 |     9 ||    17
         Flail             |       |     4 ||     4
   Cast: Sandblast         |    49 |    62 ||   111
    Use: Potion            |       |     3 ||     3
 Armour: Robe              |    15 |    17 ||    32
  Dodge: Dodged            |     8 |    27 ||    35

Table legend: (Time is in decaauts)
 A = Elapsed time spent in this place.
 B = Non-inter-level travel time spent in this place.
 C = Inter-level travel time spent in this place.
 D = Time resting spent in this place.
 E = Time spent auto-exploring this place.
 F = Levels seen in this place.
 G = Mean time per level.
                   A        B        C        D        E       F      G
               +--------+--------+--------+--------+--------+-----+--------+
         Total |   3751 |   3517 |    234 |    129 |   2899 |   4 |  937.8 |
       Dungeon |   3751 |   3517 |    234 |    129 |   2899 |   4 |  937.8 |
               +--------+--------+--------+--------+--------+-----+--------+

Top non-repeatable levels by time:
     D:3: 1841 daAuts
     D:2: 1209 daAuts
     D:1: 693 daAuts
     D:4: 7 daAuts
